 Dungeon Crawl Stone Soup version 0.19-a0-526-gbe2e51c (webtiles) character file.

177 ololoev the Magician (level 5, -11/28 HPs)
             Began as a Deep Elf Fire Elementalist on June 7, 2016.
             Was an Initiate of Vehumet.
             Killed from afar by Kidiri's ghost (16 damage)
             ... with a puff of flame
             ... on level 5 of the Dungeon.
             The game lasted 00:06:24 (738 turns).

ololoev the Magician (Deep Elf Fire Elementalist)    Turns: 738, Time: 00:06:25

Health: -11/28     AC:  2    Str:  5    XL:     5   Next: 30%
Magic:  7/14       EV: 13    Int: 21    God:    Vehumet [......]
Gold:   105        SH:  0    Dex: 15    Spells: 4 memorised, 2 levels left

rFire  . . .     SeeInvis .     j - staff of wizardry
rCold  . . .     Gourm    .     a - +0 robe
rNeg   . . .     Faith    .     (no shield)
rPois  .         Spirit   .     (no helmet)
rElec  .         Dismiss  .     (no cloak)
rCorr  .         Reflect  .     (no gloves)
SustAt .         Harm     .     (no boots)
MR     .....                    (no amulet)
Stlth  +.........               (no ring)
                                (no ring)

@: liquid flames, very slightly contaminated, glowing, not resistant to hostile
enchantments, very unstealthy
A: no striking features
a: Renounce Religion

Inventory:

Armour
 a - a +0 robe (worn)
Magical Staves
 j - an uncursed staff of wizardry (weapon)
Wands
 k - a wand of acid (0/15)
Scrolls
 d - 2 scrolls of remove curse {unknown}
 h - a scroll of fear {unknown}
 l - 2 scrolls of identify {unknown}
 m - a scroll of amnesia {unknown}
 o - a scroll of random uselessness {unknown}
 q - a scroll of fog {unknown}
Potions
 e - a potion of ambrosia {unknown}
 f - a potion of resistance {unknown}
 g - a potion of heal wounds {unknown}
 i - a potion of beneficial mutation {unknown}
 n - a potion of curing {unknown}
Books
 b - a book of Flames

   Spells                             Type                      Level
   a - Flame Tongue                   Conjuration/Fire             1
   b - Throw Flame                    Conjuration/Fire             2
   c - Conjure Flame                  Conjuration/Fire             3
   d - Inner Flame                    Hexes/Fire                   3
   e - Sticky Flame                   Conjuration/Fire             4
   f - Fireball                       Conjuration/Fire             5
Comestibles
 c - 3 bread rations
 p - a beef jerky


   Skills:
 - Level 2.4 Dodging
 - Level 2.4 Stealth
 * Level 4.6 Spellcasting
 * Level 4.0 Conjurations
 * Level 4.3 Fire Magic


You had 2 spell levels left.
You knew the following spells:

 Your Spells              Type           Power        Failure   Level  Hunger
a - Flame Tongue          Conj/Fire      ###..        1%          1    None
b - Conjure Flame         Conj/Fire      ###.....     4%          3    ##.....
c - Inner Flame           Hex/Fire       ##......     7%          3    ##.....
d - Sticky Flame          Conj/Fire      ###.....     10%         4    ####...


You were on level 5 of the Dungeon.
You worshipped Vehumet.
Vehumet was noncommittal.
You were not hungry.

You visited 1 branch of the dungeon, and saw 5 of its levels.

You collected 105 gold pieces.

##......#####
#...........#
#...........#
#......)<...#######
#..................
##.................. #
##...........†.......
#.##....................
#......@........####....
####....W...##### #....
#......##########....
#.........8...8......
#.......8.8.8.8......
#.####'##.8.8.8.8......
#.........8...8........
#........#########.....
#........# ......

Notes
Turn   | Place    | Note
--------------------------------------------------------------
     0 | D:1      | ololoev the Deep Elf Fire Elementalist began the quest for the Orb.
     0 | D:1      | Reached XP level 1. HP: 10/10 MP: 6/6
   130 | D:3      | Reached XP level 2. HP: 7/15 MP: 6/8
   190 | D:2      | Found a radiant altar of Vehumet.
   260 | D:2      | Became a worshipper of Vehumet
   334 | D:4      | Noticed ololoev's ghost (weakling DEFE)
   361 | D:3      | Reached XP level 3. HP: 10/19 MP: 0/10
   381 | D:3      | Learned a level 3 spell: Conjure Flame
   385 | D:3      | Learned a level 3 spell: Inner Flame
   510 | D:4      | Found a staircase to the Ecumenical Temple.
   510 | D:4      | Noticed an ogre
   590 | D:4      | Killed an ogre
   590 | D:4      | Reached XP level 4. HP: 6/24 MP: 0/12
   590 | D:4      | Reached XP level 5. HP: 7/28 MP: 0/13
   633 | D:4      | Found a glowing golden altar of the Shining One.
   646 | D:5      | Entered Level 5 of the Dungeon
   654 | D:5      | Learned a level 4 spell: Sticky Flame
   711 | D:5      | Noticed Kidiri's ghost (novice DEFE)
   738 | D:5      | Killed from afar by Kidiri's ghost

Dungeon Overview and Level Annotations

Branches:
Dungeon (5/15)             Temple (0/1) D:4

Altars:
Vehumet
The Shining One

Annotations:
D:4 ololoev's ghost, weakling DEFE
D:5 Kidiri's ghost, novice DEFE


Message History

The flame tongue hits the orc.
The orc is moderately wounded.
Casting: Flame Tongue
Confirm with . or Enter, or press ? or * to list all spells.
Aiming: Flame Tongue
Press: ? - help, Shift-Dir - straight line, f/p - orc
Aim: an orc (moderately wounded)
The flame tongue hits the orc.
You kill the orc!
Vehumet accepts your kill.
You hear the slow hiss of a distant avalanche of sand.
Found a scroll labeled QUULOAHEHE.
Found a scroll labeled ABUCYZ KOULUA.
Found 13 poisoned needles.
Found a bread ration.
q - a scroll labeled QUULOAHEHE Kidiri's ghost (novice Deep Elf Fire Elementalist) comes into view.
Kidiri's ghost turns its malevolent gaze towards you.
Kidiri's ghost shrieks, "What do you have that I didn't have?"
Found 5 gold pieces.
Press: ? - help, v - describe, . - travel
Here: Kidiri's ghost The floor.
Unknown command.
Evoke which item? (* to show all) (? for menu, Esc to quit)
Okay, then.
Press: ? - help, v - describe, . - travel
Here: Kidiri's ghost (fire blocked by a granite statue)
The floor.
Unknown command.
Press: ? - help, v - describe, . - travel
Here: Kidiri's ghost (fire blocked by a granite statue)
The floor.
Casting: Flame Tongue
Confirm with . or Enter, or press ? or * to list all spells.
Aiming: Conjure Flame
Press: ? - help, Dir - move target cursor You miscast Conjure Flame.
You are very lightly contaminated with residual magic.
Nothing appears to happen.
Evoke which item? (* to show all) (? for menu, Esc to quit)
Zapping:
k - a wand of acid {zapped: 5} (will waste charges)
Press: ? - help, Shift-Dir - straight line, f - Kidiri's ghost
Aim: Kidiri's ghost The bolt of acid hits Kidiri's ghost.
The acid corrodes Kidiri's ghost!
Kidiri's ghost is moderately damaged.
Evoking this partially-identified wand wasted a few charges.
Evoke which item? (* to show all) (? for menu, Esc to quit)
Zapping:
k - a wand of acid {zapped: 7} (will waste charges)
Press: ? - help, Shift-Dir - straight line, f/p - Kidiri's ghost
Aim: Kidiri's ghost (moderately damaged, covered in acid)
The bolt of acid hits Kidiri's ghost.
The acid corrodes Kidiri's ghost!
Kidiri's ghost is severely damaged.
Evoking this partially-identified wand wasted a few charges.
Evoke which item? (* to show all) (? for menu, Esc to quit)
Zapping:
k - a wand of acid {zapped: 10} (will waste charges)
Press: ? - help, Shift-Dir - straight line, f/p - Kidiri's ghost
Aim: Kidiri's ghost (severely damaged, covered in acid) Nothing appears to happen.
Kidiri's ghost hits you.
Casting: Conjure Flame
Confirm with . or Enter, or press ? or * to list all spells.
Aiming: Flame Tongue
Press: ? - help, Shift-Dir - straight line, f/p - Kidiri's ghost
Aim: Kidiri's ghost (severely damaged, covered in acid)
The flame tongue misses Kidiri's ghost.
Kidiri's ghost sprays you with burning goo.
The sticky flame hits you!
You are covered in liquid flames!
Casting: Flame Tongue
Confirm with . or Enter, or press ? or * to list all spells.
Aiming: Flame Tongue
Press: ? - help, Shift-Dir - straight line, f/p - Kidiri's ghost
Aim: Kidiri's ghost (severely damaged, covered in acid)
The flame tongue hits Kidiri's ghost.
Kidiri's ghost is almost destroyed.
You are covered in liquid flames!
Kidiri's ghost casts a spell at you. The puff of flame hits you!
Ouch! That really hurt!
You die...

You could see Kidiri's ghost.

Vanquished Creatures
  An ogre (D:4)
  2 giant frog skeletons
  2 adders (D:3)
  A dart slug (D:1)
  An orc (D:5)
  2 bats (D:3)
  4 giant cockroaches
  2 goblins
  2 quokkas
  2 giant newts
  3 kobolds
  5 rats (D:2)
27 creatures vanquished.

Action                   |  1- 3 |  4- 6 || total
-------------------------+-------+-------++-------
Melee: Unarmed           |     8 |       ||     8
       Staff             |       |     1 ||     1
 Cast: Flame Tongue      |    45 |     7 ||    52
       Conjure Flame     |     3 |     1 ||     4
Evoke: Wand              |     1 |     3 ||     4
Armor: Robe              |     1 |       ||     1
Dodge: Dodged            |    16 |     1 ||    17

Vault maps used:
D:1:      minmay_arrival_jagged, serial_forest, infiniplex_forest_corner_2,
          infiniplex_forest_lined_room_2, infiniplex_forest_clump_curved,
          infiniplex_forest_lined_2, infiniplex_forest_clump_diagonal,
          infiniplex_forest_lined_room_3, infiniplex_forest_zigzag_2,
          infiniplex_forest_straight_2
D:2:      vehumet_crystals, first_bread, kennysheep_small_spiral
D:3:      minmay_misc_feat_plants
D:4:      kennysheep_mini, minmay_temple_entry_grid
D:5:      enter_ossuary_1, kennysheep_flooded_box, small_statue_alley_b,
          kennysheep_generic_room_13, uniq_menkaure
